Map: 베를린그라드 - 래더

Players

ByuL - Winner!

  • Race: Zerg Zerg

DPGCure (Cure)

  • Race: Terran Terran

Event: DreamHack SC2 Masters Last Chance 2022

VOD

Have the link to the VOD?

Description

Time

  • Played on: Dec. 15, 2021, 4:17 a.m.
  • Length: 10:49

All games in this series

Show
View Real Time Build Order
Export as new Build Order

ByuL Zerg - Winner!

Build Orders: Hatch First 

Get SALT Encoding   

  12  0:00  Drone  
  13  0:12  Overlord  
  13  0:17  Drone  
  14  0:30  Drone x2  
  16  0:47  Hatchery  
  15  0:50  Drone  
  15  0:54  Drone  
  17  0:57  Drone  
  18  1:08  Extractor  
  17  1:12  Spawning Pool  
  17  1:17  Drone  
  17  1:19  Drone  
  18  1:29  Drone  
  19  1:39  Drone  
  20  1:50  Drone  
  21  2:00  Queen x2  
  21  2:01  Zergling x4  
  27  2:14  Hatchery  
  26  2:17  Zergling x2  
  26  2:20  Overlord  
  26  2:22  Drone  
  27  2:39  Queen  
  27  2:40  Zergling x2  
  27  2:43  Metabolic Boost  
  30  2:44  Zergling x4  
  30  2:46  Zergling x2  
  30  2:49  Zergling x2  
  34  2:54  Overlord  
  34  2:59  Zergling x2  
  35  3:06  Zergling x2  
  36  3:13  Queen  
  36  3:18  Zergling x8  
  40  3:24  Zergling x4  
  39  3:30  Zergling x2  
  39  3:31  Zergling x2  
  39  3:40  Zergling x4  
  37  3:41  Zergling x2  
  38  3:49  Zergling x2, Queen  
  38  3:53  Zergling x2  
  42  4:00  Zergling x8  
  42  4:01  Zergling x2  
  45  4:08  Overlord  
  45  4:12  Drone x2  
  45  4:22  Drone  
  45  4:23  Drone  
  44  4:25  Drone x2  
  44  4:27  Drone x2  
  48  4:38  Zergling x6  
  50  4:40  Queen  
  50  4:43  Zergling x2  
  53  4:48  Zergling x2  
  53  4:51  Queen  
  55  4:53  Zergling x4  
  53  5:06  Drone x3  
  49  5:09  Drone x2  
  49  5:12  Drone  
  49  5:13  Drone  
  49  5:14  Drone  
  54  5:17  Drone  
  54  5:18  Drone x2  
  56  5:22  Evolution Chamber  
  56  5:23  Drone  
  56  5:24  Drone  
  56  5:28  Overlord  
  57  5:37  Drone  
  57  5:40  Drone  
  57  5:42  Overlord  
  58  5:44  Overlord  
  58  5:47  Queen x2  
  58  5:49  Zerg Ground Armor Level 1  
  62  5:50  Extractor  
  62  5:52  Queen  
  62  5:56  Drone x3  
  66  6:01  Drone x2  
  66  6:02  Drone x2  
  66  6:03  Drone  
  71  6:05  Drone  
  71  6:10  Baneling Nest  
  70  6:12  Zergling x6  
  70  6:15  Zergling x6  
  70  6:16  Zergling x2  
  77  6:23  Zergling x4  
  77  6:24  Zergling x4  
  81  6:26  Overlord x2  
  81  6:38  Overlord  
  81  6:44  Queen, Overlord  
  81  6:45  Lair  
  81  6:46  Zergling x4  
  85  6:49  Zergling x2  
  85  6:50  Zergling x6  
  85  6:53  Drone  
  90  6:56  Drone  
  90  6:58  Drone x3  
  90  7:00  Extractor  
  90  7:01  Extractor  
  92  7:02  Drone  
  92  7:03  Drone x2  
  92  7:04  Drone x3  
  92  7:05  Baneling x3  
  92  7:06  Baneling x2, Zergling x2  
  99  7:13  Zergling x4  
  101  7:20  Zergling x6  
  104  7:22  Hatchery  
  104  7:29  Zergling x2  
  104  7:30  Zergling x4  
  104  7:33  Zergling x6  
  101  7:52  Baneling  
  101  7:53  Baneling x12  
  101  7:55  Zergling x16  
  101  7:56  Queen  
  111  7:59  Zergling x4  
  111  8:03  Overlord  
  111  8:04  Overlord  
  113  8:06  Zerg Ground Armor Level 2  
  113  8:10  Overlord  
  113  8:11  Evolution Chamber  
  113  8:12  Overlord  
  109  8:25  Zergling x10  
  109  8:26  Zergling x4  
  112  8:28  Zergling x2  
  108  8:38  Zergling x14  
  99  8:45  Drone x3  
  99  8:46  Drone x2  
  100  8:49  Queen x2  
  100  8:50  Centrifugal Hooks, Zerg Melee Weapons Level 1  
  100  8:55  Zergling x4  
  98  9:00  Zergling x6  
  98  9:02  Zergling x4  
  102  9:08  Extractor  
  101  9:10  Spire  
  101  9:12  Baneling x4  
  101  9:14  Drone x3  
  101  9:16  Drone  
  104  9:19  Drone x3, Extractor  
  104  9:20  Extractor  
  104  9:22  Drone x3  
  104  9:23  Zergling x4  
  110  9:26  Zergling x2  
  110  9:27  Zergling x2  
  110  9:28  Baneling x2  
  112  9:32  Zergling x10  
  112  9:34  Zergling x6  
  112  9:35  Baneling  
  112  9:36  Baneling, Zergling x2  
  115  9:46  Zergling x4  
  115  9:47  Zergling x2  
  115  9:49  Zergling x2  
  115  9:50  Zergling x4  
  114  9:56  Zergling x10  
  114  9:58  Zergling x4  
  101  10:00  Zergling x6  
  101  10:03  Zergling x2  
  101  10:04  Zergling x2  
  103  10:08  Zergling x2  
  103  10:09  Baneling  
  103  10:10  Baneling x11  
  103  10:12  Queen  
  106  10:17  Zergling x10  
  106  10:18  Zergling x4  
  106  10:19  Zergling x2, Baneling  
  106  10:20  Baneling x3  
  115  10:23  Zergling x4  
  119  10:28  Zergling x2  
Show
View Real Time Build Order
Export as new Build Order

DPGCure Terran 

Build Orders:  

Get SALT Encoding   

  12  0:00  SCV  
  13  0:12  SCV  
  14  0:16  Supply Depot  
  14  0:24  SCV  
  15  0:38  SCV  
  15  0:39  Barracks  
  15  0:42  Refinery  
  16  0:50  SCV  
  17  0:58  Barracks  
  17  1:02  SCV  
  18  1:14  SCV  
  18  1:17  Barracks  
  19  1:25  Refinery  
  19  1:28  Reaper  
  20  1:37  Supply Depot  
  20  1:45  Reaper  
  21  1:56  Orbital Command  
  21  2:01  Reaper  
  21  2:06  Reaper  
  23  2:17  Reaper  
  24  2:23  SCV  
  25  2:33  Reaper  
  26  2:38  SCV, Reaper  
  28  2:49  Reaper  
  28  2:51  SCV  
  30  2:52  Supply Depot  
  31  3:08  Reaper  
  31  3:14  SCV, Reaper  
  31  3:19  Command Center  
  33  3:21  Reaper  
  34  3:29  SCV  
  35  3:34  Supply Depot  
  35  3:40  Reaper  
  36  3:45  SCV  
  37  3:48  Barracks Tech Lab  
  37  3:51  Factory  
  37  3:54  Barracks Reactor  
  37  3:57  SCV  
  38  4:09  Marine  
  40  4:10  SCV  
  40  4:13  Barracks Reactor  
  35  4:27  SCV  
  35  4:29  Command Center  
  36  4:36  Hellion, Marine x2  
  40  4:40  Engineering Bay  
  38  4:45  Supply Depot  
  38  4:53  Marine  
  38  4:58  Marine x2  
  38  5:08  SCV  
  38  5:14  Orbital Command  
  37  5:19  Stimpack  
  36  5:21  SCV  
  36  5:25  Orbital Command  
  36  5:27  Barracks Reactor  
  37  5:29  Marine x2  
  37  5:30  Marine  
  37  5:35  SCV  
  41  5:40  Hellion  
  38  5:45  Orbital Command  
  38  5:48  Marine  
  39  5:50  Marine  
  39  5:51  Marine  
  39  5:54  SCV  
  39  5:56  SCV  
  43  6:00  Starport  
  43  6:03  Factory Reactor  
  43  6:06  SCV  
  43  6:08  SCV  
  45  6:11  SCV  
  45  6:15  Terran Infantry Weapons Level 1  
  46  6:20  SCV x2  
  46  6:22  Marine x2  
  46  6:23  SCV  
  46  6:24  Marine  
  46  6:25  Marine  
  53  6:27  Marine  
  53  6:32  SCV x2  
  56  6:35  SCV  
  56  6:38  Supply Depot  
  57  6:44  SCV x2  
  62  6:47  Medivac x2, SCV  
  62  6:49  Marine x2  
  62  6:51  Marine  
  62  6:52  Marine  
  62  6:53  Marine  
  69  6:56  SCV x2  
  69  7:00  SCV  
  69  7:01  Supply Depot, Factory Tech Lab  
  72  7:04  Combat Shield  
  72  7:05  Supply Depot  
  72  7:10  SCV x2  
  72  7:12  SCV  
  75  7:16  Marine x5  
  75  7:19  Siege Tank  
  83  7:25  Medivac x2  
  83  7:27  Refinery  
  87  7:31  Refinery  
  87  7:35  SCV x2  
  88  7:39  Marine x5  
  83  7:53  Siege Tank  
  83  7:57  Marine x5  
  91  8:07  SCV  
  91  8:08  SCV  
  91  8:09  Terran Infantry Armor Level 1  
  93  8:12  Barracks  
  93  8:14  Barracks  
  93  8:15  Marine x5  
  98  8:26  Siege Tank  
  86  8:32  Marine x4  
  86  8:33  Marine  
  61  8:44  Orbital Command  
  60  8:53  Marine x4  
  60  8:54  Marine  
  60  9:03  Siege Tank  
  60  9:09  Supply Depot  
  63  9:12  Marine x2  
  65  9:17  Marine  
  65  9:19  Marine x2  
  68  9:33  Marine x2  
  68  9:35  Marine  
  68  9:37  Marine x2  
  71  9:48  SCV x3  
  71  9:51  Marine  
  75  9:57  Marine x4  
  56  10:08  SCV x2  
  56  10:09  Marine  
  59  10:15  Marine x4  
  63  10:24  SCV x2  
  63  10:27  Marine  

Tags
 
Add a new tag
Caveats
  • Supply blocks, unpowered buildings, or Contaminate may cause inaccurate times.
  • Supply counts are checked every 10 seconds.